 Dungeon Crawl Stone Soup version 0.22-a0-322-g60b3cfd (webtiles) character file.

214 Kairos the Twirler (level 6, 48/48 HPs)
             Began as a Formicid Fighter on Apr 5, 2018.
             Got out of the dungeon alive.
             The game lasted 00:03:36 (2241 turns).

Kairos the Twirler (Formicid Fighter)               Turns: 2241, Time: 00:03:37

Health: 48/48      AC:  7    Str: 20    XL:     6   Next: 14%
Magic:  6/6        EV:  8    Int:  8    God:
Gold:   192        SH: 11    Dex: 12    Spells: 5/5 levels left

rFire    + . .     SeeInvis +   a - +0 quarterstaff
rCold    + . .     Gourm    .   g - +2 shield
rNeg     . . .     Faith    .   b - +0 scale mail
rPois    .         Spirit   .   (helmet unavailable)
rElec    .         Reflect  .   q - scarf {rC+ rF+}
rCorr    .         Harm     .   (no gloves)
MR       .....                  (no boots)
Stlth    ..........             (no amulet)
HPRegen  0.16/turn              l - ring of teleportation
MPRegen  0.10/turn              (no ring)

@: no status effects
A: permanent stasis, dig shafts and tunnels, four strong arms, antennae 3
a: Dig, Shaft Self


You escaped.
You were hungry.

You visited 1 branch of the dungeon, and saw 3 of its levels.

You collected 192 gold pieces.

Inventory:

Hand Weapons
 a - a +0 quarterstaff (weapon)
Armour
 b - a +0 scale mail (worn)
 c - a +0 shield
 g - a +2 shield (worn)
 h - a +0 cloak
 i - a +0 plate armour
 q - a scarf of resistance (worn)
Jewellery
 l - a ring of teleportation (left hand)
Wands
 m - a wand of enslavement (9)
Scrolls
 n - a scroll of magic mapping
Potions
 d - 2 potions of might
Comestibles
 f - 5 rations


   Skills:
 + Level 3.8 Fighting
 + Level 4.4 Staves
 + Level 4.2 Armour
 + Level 0.8 Dodging
 + Level 0.1 Stealth
 + Level 4.3 Shields


You had 5 spell levels left.
You didn't know any spells.

Dungeon Overview and Level Annotations

Branches:
Dungeon (3/15)

Altars:


Innate Abilities, Weirdness & Mutations

You cannot be hasted, slowed, berserked, paralysed or teleported.
You can dig through walls and to a lower floor.
Your four strong arms can wield two-handed weapons with a shield.
You have a pair of large antennae on your head. (SInv)


Message History

It was a scroll of immolation.
As you read the scroll labeled EGEGUOCUN, it crumbles to dust.
The dust glows brilliant magenta!
It was a scroll of random uselessness.
Okay, then.
It was a potion of agility.
You feel agile all of a sudden.
It was a potion of berserk rage.
Your stasis prevents you from going berserk.
It was a potion of haste.
Your stasis prevents you from being hasted.
There is an escape hatch in the ceiling here.
A mysterious force pulls you upwards. The hatch slams shut behind you.
You see here a ring mail.
You are feeling hungry.
You can't go up here!
You feel a little less agile now.
You can't go up here!
There is a staircase leading out of the dungeon here.
Are you sure you want to leave the Dungeon?
This will make you lose the game!
You have escaped!

#.....#..#
#...........# ##
#.....##.#
#############
#........#
########.# #####
##### ##### # #.#
#...# #...# #...# #
#.# #.♣.# #...#
#.>.# # #.#
#...###...###...###
#.#
#............(.....
#.#
#.@................
#.#
#..................
#.#
#...###...###...###
#.# #.♣.# #.>.#
#...# # #.# #...#
#...# #...# # #.#
##### ##### ##### #
#.#
#.#################
##
#...[.............#
#.


There were no monsters in sight!

Vanquished Creatures
  A bullfrog (D:3)
  An orc wizard (D:3)
  4 adders
  An ooze (D:1)
  A worm (D:2)
  A dart slug (D:3)
  A leopard gecko (D:3)
  12 orcs (D:3)
  3 giant cockroaches
  6 goblins
  4 hobgoblins
  9 jackals
  2 quokkas (D:3)
  6 bats
  3 frilled lizards
  5 kobolds
  7 rats
67 creatures vanquished.

Notes
Turn   | Place    | Note
-------+----------+-------------------------------------------
     0 | D:1      | Kairos the Formicid Fighter began the quest for the Orb.
     0 | D:1      | Reached XP level 1. HP: 18/18 MP: 1/1
   117 | D:1      | Reached XP level 2. HP: 19/24 MP: 2/2
   556 | D:1      | Reached XP level 3. HP: 23/29 MP: 3/3
   952 | D:2      | Reached XP level 4. HP: 24/35 MP: 4/4
  1332 | D:3      | Reached XP level 5. HP: 35/42 MP: 5/5
  1668 | D:3      | Noticed a bullfrog
  1673 | D:3      | Killed a bullfrog
  1767 | D:3      | Reached XP level 6. HP: 47/48 MP: 6/6
  2241 | D:$      | Got out of the dungeon alive.

Vault maps used:
D:1:      minmay_arrival_hallway, minmay_misc_feat_enclosed, minmay_crystal_room
D:2:      minmay_pentomino_z4
D:3:      first_ration

Skill      XL: |  1  2  3  4  5 |
---------------+----------------+-----
Staves         | 3 4 |  4.4
Shields        | 4 |  4.3
Armour         | 4 |  4.2
Fighting       | |  3.8
Dodging        | |  0.8
Stealth        | |  0.1

Action                   |  1- 3 |  4- 6 || total
-------------------------+-------+-------++-------
Melee: Quarterstaff      |    85 |   138 ||   223
  Use: Scroll            |       |     4 ||     4
       Potion            |       |     3 ||     3
  Eat: Chunk             |       |     4 ||     4
Armor: Scale mail        |    28 |    53 ||    81
Dodge: Dodged            |    23 |    39 ||    62
Block: Shield            |    40 |    83 ||   123

Table legend:
 A = Spawn XP
 B = Non-spawn XP
 C = Spawn XP percentage of total XP
 D = Spawn monster count
 E = Non-spawn monster count
 F = Spawn count percentage of total count
 G = Total turns spent on level
                    A         B        C        D         E        F      G
               +---------+---------+-------+---------+---------+-------+---------
         Total |       0 |     306 |   0.0 |       0 |      67 |   0.0 |  2241
               +---------+---------+-------+---------+---------+-------+---------
           D:1 |       0 |      34 |   0.0 |       0 |      19 |   0.0 |   867
           D:2 |       0 |      72 |   0.0 |       0 |      20 |   0.0 |   554
           D:3 |       0 |     200 |   0.0 |       0 |      28 |   0.0 |   820
               +---------+---------+-------+---------+---------+-------+---------
